SAA
TACOMA FUR TRADERS @ MARQUETTE MINERS
09/05/2027
 
TOP OF THE 1ST
Tacoma Fur Traders batting - Pitching for Marquette Miners : RHP Enrique Castro
Pitching: RHP Enrique Castro
Batting: RHB Andy Moore 0-0: Ball
1-0: Ball
2-0: Fly out, F3 (Line Drive, 34)
Batting: RHB Luis Flores 0-0: Called Strike
0-1: Ball
1-1: Swinging Strike
1-2: Foul Ball, location: 2F
1-2: Ball
2-2: Strikes out looking
Batting: RHB Gustavo González 0-0: Ball
1-0: Called Strike
1-1: Ball
2-1: Called Strike
2-2: Ground out 5-3 (Groundball, 56S)
Top of the 1st over - 0 run(s), 0 hit(s), 0 error(s), 0 left on base; Tacoma 0 - Marquette 0
BOTTOM OF THE 1ST
Marquette Miners batting - Pitching for Tacoma Fur Traders : LHP César Rosado
Pitching: LHP César Rosado
Batting: LHB Tural Bishara 0-0: Foul Ball, location: 2F
0-1: Ball
1-1: DOUBLE (Flyball, 78D)
Batting: RHB Sameen Shaw 0-0: Ball
1-0: Ball
Tural Bishara is caught stealing 3rd base
2-0: Ball
3-0: Called Strike
3-1: Called Strike
3-2: Foul Ball, location: 2F
3-2: Ground out 5-3 (Groundball, 56)
Batting: RHB Steve Koch 0-0: Called Strike
0-1: Ball
1-1: Ball
2-1: Ball
3-1: Base on Balls
Batting: RHB Peter Heard 0-0: Ball
1-0: Ball
2-0: Foul Ball, location: 2F
2-1: Called Strike
2-2: Fly out, F9 (Flyball, 9)
Bottom of the 1st over - 0 run(s), 1 hit(s), 0 error(s), 1 left on base; Tacoma 0 - Marquette 0
TOP OF THE 2ND
Tacoma Fur Traders batting - Pitching for Marquette Miners : RHP Enrique Castro
Batting: RHB Nate Cates 0-0: Foul Ball, location: 2F
0-1: Foul Ball, location: 2F
0-2: Ball
1-2: Strikes out swinging
Batting: LHB Dave Knight 0-0: Called Strike
0-1: Ground out U3 (Groundball, 34)
Batting: LHB Michael Whorton 0-0: Ball
1-0: Ball
2-0: Foul Ball, location: 2F
2-1: Foul Ball, location: 2F
2-2: Ground out 3-1 (Groundball, 34)
Top of the 2nd over - 0 run(s), 0 hit(s), 0 error(s), 0 left on base; Tacoma 0 - Marquette 0
BOTTOM OF THE 2ND
Marquette Miners batting - Pitching for Tacoma Fur Traders : LHP César Rosado
Batting: RHB José Barroca 0-0: Ball
1-0: Called Strike
1-1: Fly out, F9 (Flyball, 9LS)
Batting: RHB Norman Winston 0-0: SINGLE (Flyball, 9LS)
Batting: RHB Héctor Rivera 0-0: Ball
1-0: Swinging Strike
1-1: Ball
2-1: SINGLE (Flyball, 8RS)
Norman Winston to second
Batting: LHB Shelby Noonan 0-0: Called Strike
0-1: Foul Ball, location: 2F
0-2: Ball
1-2: SINGLE (Groundball, 34D)
Norman Winston to third
Héctor Rivera to second
Runner from 3rd tries for Home, SAFE, no throw
Batting: RHB Rocky Cantrell 0-0: Ball
Shelby Noonan is caught stealing 2nd base
1-0: Called Strike
1-1: Ball
2-1: Called Strike
2-2: Ground out 6-3 (Groundball, 6)
Bottom of the 2nd over - 1 run(s), 3 hit(s), 0 error(s), 1 left on base; Tacoma 0 - Marquette 1
TOP OF THE 3RD
Tacoma Fur Traders batting - Pitching for Marquette Miners : RHP Enrique Castro
Batting: RHB Tim Lehman 0-0: Swinging Strike
0-1: Ball
1-1: Ball
2-1: Foul Ball, location: 2F
2-2: Ball
3-2: Foul Ball, location: 2F
3-2: Base on Balls
Batting: RHB Miguel Silva 0-0: Ball
1-0: Ball
Wild Pitch!
Tim Lehman to second
2-0: Ground out 6-3 (Groundball, 6D)
Batting: RHB Carlos Correa 0-0: Ball
1-0: Ball
2-0: Called Strike
2-1: Ball
3-1: Fly out, F7 (Flyball, 78S)
Batting: RHB Andy Moore 0-0: Fly out, F6 (Popup, 6MS)
Top of the 3rd over - 0 run(s), 0 hit(s), 0 error(s), 1 left on base; Tacoma 0 - Marquette 1
BOTTOM OF THE 3RD
Marquette Miners batting - Pitching for Tacoma Fur Traders : LHP César Rosado
Batting: LHB Tural Bishara 0-0: Ball
1-0: Ball
2-0: Ball
3-0: Called Strike
3-1: SINGLE (Groundball, 4MD)
Batting: RHB Sameen Shaw 0-0: Called Strike
0-1: Foul Ball, location: 2F
0-2: Foul Ball, location: 2F
0-2: Ball
1-2: Foul Ball, location: 2F
1-2: Ball
2-2: Ground out 4-3 (Groundball, 34)
Tural Bishara to second
Batting: RHB Steve Koch 0-0: Foul Ball, location: 2F
0-1: Ball
1-1: Ball
2-1: Foul Ball, location: 2F
2-2: Foul Ball, location: 2F
2-2: Foul Ball, location: 2F
2-2: Ball
3-2: 2-RUN HOME RUN (Flyball, 78D), Distance : 456 ft
Batting: RHB Peter Heard 0-0: SINGLE (Groundball, 4MD)
Batting: RHB José Barroca 0-0: Ball
1-0: Ball
2-0: Called Strike
2-1: Swinging Strike
2-2: Ball
3-2: Fly out, F8 (Flyball, 8RM)
Batting: RHB Norman Winston 0-0: Ball
1-0: Foul Ball, location: 2F
1-1: Swinging Strike
1-2: Ball
2-2: Strikes out looking
Bottom of the 3rd over - 2 run(s), 3 hit(s), 0 error(s), 1 left on base; Tacoma 0 - Marquette 3
TOP OF THE 4TH
Tacoma Fur Traders batting - Pitching for Marquette Miners : RHP Enrique Castro
Batting: RHB Luis Flores 0-0: Ball
1-0: Called Strike
1-1: Foul Ball, location: 2F
1-2: Ball
2-2: Foul Ball, location: 2F
2-2: Fly out, F8 (Line Drive, 8LM)
Batting: RHB Gustavo González 0-0: SOLO HOME RUN (Flyball, 89XD), Distance : 445 ft
Batting: RHB Nate Cates 0-0: Called Strike
0-1: Ball
1-1: Ball
2-1: Ball
3-1: Foul Ball, location: 2F
3-2: Foul Ball, location: 2F
3-2: Strikes out looking
Batting: LHB Dave Knight 0-0: Fly out, F6 (Popup, 5D)
Top of the 4th over - 1 run(s), 1 hit(s), 0 error(s), 0 left on base; Tacoma 1 - Marquette 3
BOTTOM OF THE 4TH
Marquette Miners batting - Pitching for Tacoma Fur Traders : LHP César Rosado
Batting: RHB Héctor Rivera 0-0: Called Strike
0-1: Ball
1-1: Called Strike
1-2: Strikes out swinging
Batting: LHB Shelby Noonan 0-0: Swinging Strike
0-1: Ball
1-1: Called Strike
1-2: Strikes out swinging
Batting: RHB Rocky Cantrell 0-0: Ball
1-0: Called Strike
1-1: Swinging Strike
1-2: Foul Ball, location: 2F
1-2: Ball
2-2: Ball
3-2: Base on Balls
Batting: LHB Tural Bishara 0-0: Ball
1-0: Ball
2-0: Fly out, F8 (Flyball, 89M)
Bottom of the 4th over - 0 run(s), 0 hit(s), 0 error(s), 1 left on base; Tacoma 1 - Marquette 3
TOP OF THE 5TH
Tacoma Fur Traders batting - Pitching for Marquette Miners : RHP Enrique Castro
Batting: LHB Michael Whorton 0-0: Called Strike
0-1: Foul Ball, location: 2F
0-2: Ball
1-2: Ball
2-2: Ball
3-2: Base on Balls
Batting: RHB Tim Lehman 0-0: Called Strike
0-1: Ball
1-1: Swinging Strike
1-2: Ball
2-2: Strikes out swinging
Pitching: RHP Cisco Ortega
Batting: RHB Miguel Silva 0-0: Ball
1-0: Called Strike
1-1: Called Strike
1-2: Ball
2-2: Strikes out swinging
Batting: RHB Carlos Correa 0-0: Ball
Michael Whorton steals 2nd base
1-0: Fly out, F9 (Flyball, 89M)
Top of the 5th over - 0 run(s), 0 hit(s), 0 error(s), 1 left on base; Tacoma 1 - Marquette 3
BOTTOM OF THE 5TH
Marquette Miners batting - Pitching for Tacoma Fur Traders : LHP César Rosado
Batting: RHB Sameen Shaw 0-0: Foul Ball, location: 2F
0-1: Ball
1-1: Swinging Strike
1-2: Fly out, F8 (Line Drive, 8RM)
Batting: RHB Steve Koch 0-0: Ball
1-0: Called Strike
1-1: Ball
2-1: Called Strike
2-2: Ball
3-2: Strikes out swinging
Batting: RHB Peter Heard 0-0: Ball
1-0: Ball
2-0: Ground out 6-3 (Groundball, 6)
Bottom of the 5th over - 0 run(s), 0 hit(s), 0 error(s), 0 left on base; Tacoma 1 - Marquette 3
TOP OF THE 6TH
Tacoma Fur Traders batting - Pitching for Marquette Miners : RHP Cisco Ortega
Batting: RHB Andy Moore 0-0: Bunt missed!
0-1: SINGLE (Groundball, 56D)
Batting: RHB Luis Flores 0-0: Ball
1-0: Called Strike
1-1: Fly out, F9 (Flyball, 9S)
Batting: RHB Gustavo González 0-0: Ball
1-0: SINGLE (Groundball, 4MD)
Andy Moore to second
Runner from 2nd tries for 3rd, SAFE, no throw
Batting: RHB Nate Cates 0-0: Swinging Strike
0-1: Ball
1-1: Ground out 5-3 (Groundball, 56S)
Andy Moore scores
Gustavo González to second
Batting: LHB Dave Knight 0-0: Swinging Strike
0-1: Called Strike
0-2: Ball
1-2: Strikes out swinging
Top of the 6th over - 1 run(s), 2 hit(s), 0 error(s), 1 left on base; Tacoma 2 - Marquette 3
BOTTOM OF THE 6TH
Marquette Miners batting - Pitching for Tacoma Fur Traders : LHP César Rosado
Batting: RHB José Barroca 0-0: Ball
1-0: Ball
2-0: Ball
3-0: Called Strike
3-1: Called Strike
3-2: Base on Balls
Batting: RHB Norman Winston 0-0: Ball
1-0: Sac Bunt - play at second, runner OUT! 1-6
Batting: RHB Héctor Rivera 0-0: Ball
1-0: Called Strike
1-1: Ball
2-1: Ball
3-1: Base on Balls
Norman Winston to second
Pitching: LHP Pedro Pérez
Batting: LHB Shelby Noonan 0-0: Called Strike
Norman Winston steals 3rd base
Héctor Rivera to second
0-1: Swinging Strike
0-2: Strikes out swinging, 2-3 out at first.
Batting: RHB Rocky Cantrell 0-0: Called Strike
0-1: Foul Ball, location: 2F
0-2: Ball
1-2: SINGLE (Groundball, 6MS) (infield hit)
Norman Winston scores
Héctor Rivera to third
Batting: LHB Tural Bishara 0-0: Called Strike
0-1: Ball
1-1: Foul Ball, location: 2F
1-2: Foul Ball, location: 2F
1-2: Strikes out swinging
Bottom of the 6th over - 1 run(s), 1 hit(s), 0 error(s), 2 left on base; Tacoma 2 - Marquette 4
TOP OF THE 7TH
Tacoma Fur Traders batting - Pitching for Marquette Miners : RHP Cisco Ortega
Batting: LHB Michael Whorton 0-0: Called Strike
0-1: Ball
1-1: Foul Ball, location: 2F
1-2: Foul Ball, location: 2F
1-2: Foul Ball, location: 2F
1-2: Foul Ball, location: 2F
1-2: Foul Ball, location: 2F
1-2: Ball
2-2: Ball
3-2: SINGLE (Line Drive, 78S)
Batting: RHB Tim Lehman 0-0: Ball
1-0: Ball
2-0: Ball
3-0: Base on Balls
Michael Whorton to second
Batting: RHB Miguel Silva 0-0: Sac Bunt - play at first, batter OUT! 1-3
Michael Whorton to third
Tim Lehman to second
Pinch Hitting: RHB Britt Lynch 0-0: Ball
1-0: Ground out 6-3 (Groundball, 6)
Michael Whorton scores
Batting: RHB Andy Moore 0-0: Called Strike
0-1: Ball
1-1: Ball
2-1: Ball
3-1: Base on Balls
Pinch Hitting: LHB Jim Unknown 0-0: Fly out, F7 (Flyball, 7)
Top of the 7th over - 1 run(s), 1 hit(s), 0 error(s), 2 left on base; Tacoma 3 - Marquette 4
BOTTOM OF THE 7TH
Marquette Miners batting - Pitching for Tacoma Fur Traders : LHP Pedro Pérez
Now at 2B: Nick Boyd
Now at SS: Britt Lynch
Batting: RHB Sameen Shaw 0-0: Ball
1-0: Fly out, F9 (Flyball, 89S)
Batting: RHB Steve Koch 0-0: Swinging Strike
0-1: Ball
1-1: Foul Ball, location: 2F
1-2: Ball
2-2: Ball
3-2: Ground out 6-3 (Groundball, 6)
Batting: RHB Peter Heard 0-0: Called Strike
0-1: Swinging Strike
0-2: Strikes out swinging
Bottom of the 7th over - 0 run(s), 0 hit(s), 0 error(s), 0 left on base; Tacoma 3 - Marquette 4
TOP OF THE 8TH
Tacoma Fur Traders batting - Pitching for Marquette Miners : RHP Cisco Ortega
Pitching: RHP James Neutron
Batting: RHB Gustavo González 0-0: Ball
1-0: Swinging Strike
1-1: Swinging Strike
1-2: Ball
2-2: Ball
3-2: Strikes out swinging
Batting: RHB Nate Cates 0-0: Ball
1-0: Foul Ball, location: 2F
1-1: Ball
2-1: Foul Ball, location: 2F
2-2: Ball
3-2: Foul Ball, location: 2F
3-2: Foul Ball, location: 2F
3-2: Fly out, F9 (Flyball, 9S)
Batting: LHB Dave Knight 0-0: Called Strike
0-1: Ball
1-1: Ball
2-1: Foul Ball, location: 2F
2-2: Foul Ball, location: 2F
2-2: Fly out, F4 (Line Drive, 4)
Top of the 8th over - 0 run(s), 0 hit(s), 0 error(s), 0 left on base; Tacoma 3 - Marquette 4
BOTTOM OF THE 8TH
Marquette Miners batting - Pitching for Tacoma Fur Traders : LHP Pedro Pérez
Batting: RHB José Barroca 0-0: Ball
1-0: Ball
2-0: Ground out 6-3 (Groundball, 6)
Batting: RHB Norman Winston 0-0: Ball
1-0: Called Strike
1-1: Ball
2-1: Ground out 3-1 (Groundball, 23)
Batting: RHB Héctor Rivera 0-0: Ball
1-0: Ball
2-0: Foul Ball, location: 2F
2-1: Foul Ball, location: 2F
2-2: Foul Ball, location: 2F
2-2: Strikes out looking
Bottom of the 8th over - 0 run(s), 0 hit(s), 0 error(s), 0 left on base; Tacoma 3 - Marquette 4
TOP OF THE 9TH
Tacoma Fur Traders batting - Pitching for Marquette Miners : RHP James Neutron
Pitching: RHP Addick Lubbers
Now at 1B: Ted Tullo
Batting: LHB Michael Whorton 0-0: Called Strike
0-1: Ball
1-1: SINGLE (Line Drive, 5)
Batting: RHB Tim Lehman 0-0: Sac Bunt - play at first, batter OUT! 1-4
Michael Whorton to second
Batting: RHB Miguel Silva 0-0: Ball
1-0: Ball
2-0: Swinging Strike
2-1: Foul Ball, location: 2F
2-2: Foul Ball, location: 2F
2-2: Ball
3-2: Foul Ball, location: 2F
3-2: Strikes out swinging
Batting: RHB Britt Lynch 0-0: Ball
1-0: Foul Ball, location: 2F
1-1: Called Strike
1-2: Strikes out looking
Top of the 9th over - 0 run(s), 1 hit(s), 0 error(s), 1 left on base; Tacoma 3 - Marquette 4
Saturday, May 26th, 2018 - OOTP Baseball 17.12 Build 75